[Event "Late-Titled-Tuesday-Blitz-January-16-2024"]
[Site "Chess.com"]
[Date "2024.01.16"]
[Round "2"]
[White "The_Straightforward_Rook"]
[Black "BozeKat"]
[Result "1-0"]
[WhiteElo "2464"]
[BlackElo "2104"]
[TimeControl "180+1"]
[EndTime "14:18:06 PST"]
[Termination "The_Straightforward_Rook won by resignation"]

1. e4 c6 2. Nc3 d5 3. Nf3 a6 4. d4 Bg4 5. h3 Bh5 6. Be2 e6 7. O-O Nf6 8. e5 Nfd7 9. Bf4 c5 10.
Re1 Bxf3 11. Bxf3 cxd4 12. Qxd4 Nc6 13. Qd2 Be7 14. Rad1 Rc8 15. a3 Na5 16. g3 Nc4 17.
Qc1 Qa5 18. Nb1 O-O 19. c3 Qb6 20. Re2 Nc5 21. Be3 Qc7 22. Bd4 Nb3 23. Qf4 b5 24. h4 Bc5 25. h5 h6 26. g4 Be7 27.
Qg3 a5 28. Bg2 b4 29. axb4 axb4 30. f4 Qd8 31. Kh1 bxc3 32. bxc3 Nc5 33. Bxc5 Rxc5 34. Nd2 Nxd2 35. Rexd2 Qc7 36. Rd3 Rc8 37. Rc1 d4 38. Rxd4 Rxc3 39. Rxc3 Qxc3 40. Qxc3 Rxc3 41. Rd7 Kf8 42.
Ra7 g5 43. f5 exf5 44. gxf5 Re3 45. f6 Bd8 46. Ra8 Rd3 47. Kg1 Rd1+ 48. Kf2 Ke8 49. Ke2 Rd7 50. Bc6 g4 51. Ra7 1-0

[Event "Late-Titled-Tuesday-Blitz-January-16-2024"]
[Site "Chess.com"]
[Date "2024.01.16"]
[Round "2"]
[White "Jarming"]
[Black "Piotrek1979"]
[Result "0-1"]
[WhiteElo "2705"]
[BlackElo "2408"]
[TimeControl "180+1"]
[EndTime "14:18:07 PST"]
[Termination "Piotrek1979 won by checkmate"]

1. e4 c5 2. Nf3 Nc6 3. Nc3 g6 4.
d4 cxd4 5. Nxd4 Bg7 6. Be3 Nf6 7. Bc4 d6 8. f3 Bd7 9. Qd2 h5 10. O-O-O Ne5 11. Bb3 Rc8 12. Rhe1 O-O 13. Kb1 Re8 14.
Bh6 Nc4 15. Bxc4 Rxc4 16. Bxg7 Kxg7 17. Qg5 Rxc3 18. bxc3 Qb6+ 19. Nb3 Rc8 20. e5 dxe5 21. Qxe5 Be6 22. h3 h4 23. Re4 Qf2 24. Re2 Qb6 25.
Qd4 Qa6 26. Re3 Rc4 27. Qd8 Ra4 28. Qxe7 Bxb3 29. cxb3 Rxa2 30. Rd8 Ra1+ 31. Kc2 Qa2+ 32. Kd3 Rd1+ 33. Kc4 Qa6+ 34. Kb4 Qb6+ 35. Kc4 Qxd8 36. Qxd8 Rxd8 37. Re7 Rc8+ 38. Kd3 Rb8 39. c4 Kf8 40. Rc7 Ne8 41. Rd7 Nf6 42. Rc7 Rd8+ 43. Kc3 Rd7 44. Rc8+ Ke7 45. Rh8 g5 46. b4 Rc7 47. Kb3 b6 48. b5 Ke6 49. Ra8 Kf5 50. Kb4 Nh5 51. Rd8 Nf4 52. Rd2 Re7 53. Ra2 f6 54. Kb3 Nd3 55. Kc3 Nc5 56. Kb4 Kf4 57. Rd2 Kg3 58. Rd6 Re6 59. Rd2 Re3 60. Ra2 Rb3# 0-1

[Event "Late-Titled-Tuesday-Blitz-January-16-2024"]
[Site "Chess.com"]
[Date "2024.01.16"]
[Round "2"]
[White "biostatistician"]
[Black "K_A_S_T_O_R"]
[Result "0-1"]
[WhiteElo "2571"]
[BlackElo "2920"]
[TimeControl "180+1"]
[EndTime "14:18:08 PST"]
[Termination "K_A_S_T_O_R won on time"]

1. d4 Nf6 2. Nf3 e6 3. c4 c5 4.
d5 exd5 5. cxd5 d6 6. Nc3 g6 7. e4 a6 8. Qe2 Bg4 9. e5 Bxf3 10.
gxf3 dxe5 11. Qxe5+ Qe7 12. Qxe7+ Bxe7 13. Bh6 Nbd7 14.
O-O-O O-O-O 15. Bh3 Kc7 16. Rhe1 Bd6 17. Bg5 Rde8 18.
Ne4 Nh5 19. Bxd7 Kxd7 20. Nf6+ Nxf6 21. Bxf6 Rxe1 22. Rxe1 Re8 23. Rxe8 Kxe8 24. h3 Bf4+ 25. Kc2 Kd7 26. Kd3 Kd6 27. Ke4 Bd2 28. Be5+ Kd7 29. Bf6 b5 30. b3 Be1 31. Bh4 f5+ 32. Kd3 Kd6 33. a4 Kxd5 34. axb5 axb5 35. Bg3 Ba5 36. Bh4 Bb6 37. Bg3 g5 38. Bb8 c4+ 39. bxc4+ bxc4+ 40. Ke2 Bd4 41. Bc7 Bf6 42. Ba5 Kd4 43. Kd2 Kc5 44. Ke2 Kb5 45. Bd2 c3 46. Bc1 Kc4 47. Ke3 Be5 48.
Ke2 Bf4 0-1

[Event "Late-Titled-Tuesday-Blitz-January-16-2024"]
[Site "Chess.com"]
[Date "2024.01.16"]
[Round "2"]
[White "VitorBronson"]
[Black "Durarbayli"]
[Result "0-1"]
[WhiteElo "2554"]
[BlackElo "2863"]
[TimeControl "180+1"]
[EndTime "14:18:10 PST"]
[Termination "Durarbayli won by resignation"]

1. d4 Nf6 2. c4 e6 3. Nf3 b6 4. g3 Ba6 5. b3 Bb4+ 6. Bd2 Be7 7. Nc3 d5 8. cxd5 exd5 9. Bg2 O-O 10. O-O Re8 11. Re1 c5 12. Bf4 Nc6 13. a3 Ne4 14.
Nxe4 dxe4 15. Ne5 Nxd4 16. Bxe4 Nxe2+ 17. Rxe2 Qxd1+ 18. Rxd1 Bxe2 19. Rd2 Bb5 20. Bxa8 Rxa8 21. a4 Be8 22. Nc4 Kf8 23. h4 f6 24. Ne3 Bf7 25.
Nc4 Rd8 26. Rc2 Rd3 27. Rb2 Bd5 28. g4 Rd4 29. Bb8 Rxg4+ 30. Kf1 Bxc4+ 31. bxc4 Rxc4 32.
Bxa7 Rxa4 33. Bxb6 Rxh4 34. Bc7 Kf7 35. Rb7 Rb4 36.
Ra7 Ke6 37. Bg3 g5 38. Kg2 h5 39. Ra6+ Kf7 40. Ra7 Rd4 41. f3 Ke6 42. Bf2 Rd2 43.
Kf1 h4 44. Ke1 Rd5 45. Ra6+ Bd6 46. Ra4 h3 47. Kf1 Rd1+ 48. Ke2 h2 49. Kxd1 h1=Q+ 50. Ke2 Qh2 51. Re4+ Kf7 52. Re3 Bg3 0-1

[Event "Late-Titled-Tuesday-Blitz-January-16-2024"]
[Site "Chess.com"]
[Date "2024.01.16"]
[Round "2"]
[White "MightyGMpretender"]
[Black "tactic"]
[Result "1-0"]
[WhiteElo "2822"]
[BlackElo "2542"]
[TimeControl "180+1"]
[EndTime "14:18:12 PST"]
[Termination "MightyGMpretender won by resignation"]

1. e4 c5 2. Nf3 Nc6 3. Bb5 e6 4. Bxc6 bxc6 5. d3 d6 6. e5 f6 7. exd6 e5 8. Nc3 Be6 9. Be3 c4 10. d4 e4 11. Nxe4 Bd5 12. Nc3 Bxd6 13. O-O Ne7 14.
Nxd5 cxd5 15. b3 Rc8 16. Nd2 O-O 17. bxc4 dxc4 18. Ne4 Nf5 19. Qh5 g6 20. Qf3 Re8 21. Rad1 Nh4 22. Nxf6+ Kh8 23. Qg4 Qxf6 24. Bg5 Qf5 25.
Qxh4 Re4 26. Qh3 Rg4 27. Bf6+ Kg8 28. Be5 Be7 29. f3 Rg5 30. Qxf5 Rxf5 31. Rb1 Bf6 32.
Bxf6 Rxf6 33. c3 Ra6 34. Rf2 Re8 35. Kf1 Re3 36. Rb8+ Kg7 37. Rc2 Kf6 38. Rb4 Rc6 39.
Kf2 Re7 40. Re2 Rd7 41. h4 h6 42. g4 a5 43. Rb5 Ra7 44. a4 Kf7 45. Kg3 Kg7 46.
f4 Rf7 47. Ree5 Rcf6 48. f5 gxf5 49. Rxf5 Re7 50. Rxf6 Kxf6 51. Kf4 Re1 52. Rxa5 Rc1 53. Ra6+ Kf7 54. Rxh6 Rxc3 55. Rc6 Rc1 56. h5 c3 57. Kg5 Ra1 58. Rxc3 Rxa4 59. Rc7+ Kg8 60. d5 Ra5 61. Rd7 Kf8 62. Kg6 Ke8 63. Rd6 Ke7 64.
Re6+ Kd7 65. h6 Rxd5 66. Rf6 Ke7 67. h7 Rd4 68. g5 Rg4 69. h8=Q Rh4 70. Qf8+ 1-0

[Event "Late-Titled-Tuesday-Blitz-January-16-2024"]
[Site "Chess.com"]
[Date "2024.01.16"]
[Round "2"]
[White "sina101"]
[Black "Kostukov_Alex"]
[Result "1/2-1/2"]
[WhiteElo "2528"]
[BlackElo "2313"]
[TimeControl "180+1"]
[EndTime "14:18:12 PST"]
[Termination "Game drawn by repetition"]

1. e4 c5 2. Nf3 g6 3. Nc3 Bg7 4. b3 Nf6 5. e5 Ng4 6. d4 cxd4 7. Qxd4 d6 8. Bb5+ Nc6 9. Qa4 Nxe5 10. Nxe5 Bxe5 11.
Bxc6+ bxc6 12. Qxc6+ Bd7 13. Qf3 Rc8 14. Bd2 Qc7 15. Nd5 Qxc2 16. Rc1 Qxc1+ 17. Bxc1 Rxc1+ 18. Kd2 Rxh1 19. Nf6+ Kf8 20. Nxd7+ Kg7 21. Qb7 Bd4 22. Qe4 e5 23. Qf3 f5 24. Qb7 Kh6 25. Nf6 Rxh2 26.
Ke2 Rh1 27. Qf7 Ra1 28. Ng8+ Kg5 29. Qf6+ Kg4 30. Qxh8 Rxa2+ 31. Kd1 Rxf2 32. Nf6+ Kg3 33. Qxh7 Kxg2 34. Qxg6+ Kf1 35. Qh5 Kg2 36. Qg5+ Kf1 37. Qh4 Kg2 38. Nh5 Rf3 39. Qg5+ Kf2 40. Qh4+ Ke3 41. Ng7 e4 42. Kc2 Rf2+ 43. Kb1 Rf1+ 44. Kc2 Rf2+ 45. Kb1 Rf1+ 46. Kc2 Rf2+ 1/2-1/2

[Event "Late-Titled-Tuesday-Blitz-January-16-2024"]
[Site "Chess.com"]
[Date "2024.01.16"]
[Round "2"]
[White "IngOscarArdila"]
[Black "chessajedrezz2020"]
[Result "0-1"]
[WhiteElo "2370"]
[BlackElo "2649"]
[TimeControl "180+1"]
[EndTime "14:18:13 PST"]
[Termination "chessajedrezz2020 won on time"]

1. d4 Nf6 2. c4 g6 3. Nc3 d5 4.
e3 Bg7 5. Nf3 O-O 6. Be2 c5 7.
cxd5 cxd4 8. Nxd4 Nxd5 9. Nxd5 Qxd5 10. Nf3 Qa5+ 11. Bd2 Qb6 12. Bc3 Bxc3+ 13. bxc3 Rd8 14. Qb3 Qc5 15. h4 Be6 16. Qb4 Nd7 17. h5 Qxb4 18. cxb4 a5 19. hxg6 hxg6 20. b5 Nc5 21. Nd4 Bd5 22.
f3 e5 23. Nc2 Rac8 24. e4 Be6 25. Ne3 Rd4 26. Kf2 Rcd8 27. Rhc1 b6 28. Rc2 Rd2 29.
Rac1 Bxa2 30. Ng4 Nd3+ 31. Ke3 Nxc1 32. Rxd2 Rxd2 33. Kxd2 Nxe2 34. Kxe2 Be6 35. Nxe5 f6 36. Nc6 Bc4+ 37. Kd2 Bxb5 38. Nd4 Bd7 39. Kc3 b5 40. g4 g5 41. Ne2 Kf7 42. Kd4 b4 43. Nc1 Ke7 0-1

[Event "Late-Titled-Tuesday-Blitz-January-16-2024"]
[Site "Chess.com"]
[Date "2024.01.16"]
[Round "2"]
[White "KNVB"]
[Black "glebus008"]
[Result "1-0"]
[WhiteElo "2688"]
[BlackElo "2290"]
[TimeControl "180+1"]
[EndTime "14:18:15 PST"]
[Termination "KNVB won on time"]

1. d4 d5 2. Bf4 c5 3. e3 Nc6 4.
c3 Nf6 5. Nd2 cxd4 6. exd4 Bf5 7. Qb3 Qc8 8. Ngf3 e6 9. Nh4 Bg4 10.
Bd3 Be7 11. Nhf3 Bh5 12. O-O Bg6 13. Bxg6 hxg6 14. Rfe1 O-O 15. a4 Nh5 16. Be5 Rd8 17. Qd1 Bd6 18. Bxd6 Rxd6 19. g3 Nf6 20. Ne5 Rd8 21.
Nd3 Na5 22. h4 Nc4 23. Nf3 Ne4 24. Kg2 Qc7 25. Qe2 Qe7 26. Rh1 Rac8 27. Rae1 a5 28. h5 g5 29. Nfe5 Nxe5 30. Nxe5 Nd6 31. Qd3 Nc4 32. h6 Nxe5 33. Rxe5 g6 34. Qe3 Kh7 35. Rxg5 Rc4 36. Re5 Rxa4 37. Re1 Qf6 38. Qd3 Rc4 39. R5e3 Rdc8 40. Rf3 Qe7 41. Qe3 R8c7 42. Qe5 1-0

[Event "Late-Titled-Tuesday-Blitz-January-16-2024"]
[Site "Chess.com"]
[Date "2024.01.16"]
[Round "2"]
[White "kenta1234"]
[Black "GMFYHR1"]
[Result "1-0"]
[WhiteElo "2770"]
[BlackElo "2458"]
[TimeControl "180+1"]
[EndTime "14:18:16 PST"]
[Termination "kenta1234 won by resignation"]

1. Nf3 Nf6 2. g3 d5 3. Bg2 c5 4. O-O Nc6 5. d4 cxd4 6. Nxd4 e5 7. Nxc6 bxc6 8. c4 Be6 9. Qa4 Bd7 10. Bg5 e4 11.
Nc3 Be7 12. Rad1 O-O 13. Qc2 Rc8 14. b3 Qa5 15. Na4 Be6 16. Bd2 Qc7 17. Be3 Ng4 18.
Bf4 Qa5 19. c5 Bf6 20. h3 Ne5 21. Bd2 Qa6 22. Bc3 Nd7 23. Bxf6 Nxf6 24. Rfe1 Bf5 25. Qb2 Qb7 26. Qd4 Qd7 27. g4 Be6 28. Nc3 Qc7 29. f3 Qg3 30. Rf1 exf3 31. exf3 h5 32. Ne2 Qh4 33. Qf2 Qxf2+ 34. Kxf2 hxg4 35. hxg4 Nd7 36. Rc1 Ne5 37. Rfd1 g6 38. Nd4 Kg7 39. Kg3 Nd7 40. b4 Rfe8 41. a3 Nf8 42. f4 Bd7 43. Re1 Ne6 44. Nf3 Nf8 45. Ne5 Be6 46. Rf1 f6 47.
Nf3 Bd7 48. Nd4 Re3+ 49. Rf3 Rce8 50. Kf2 R3e4 51. Rd3 Rxf4+ 52. Kg1 Rxg4 53. Rf1 Rg5 54. b5 cxb5 55. c6 Bc8 56. Nxb5 Re2 57. Rf2 Rxf2 58.
Kxf2 Ba6 59. c7 Ne6 60. Re3 Nxc7 61. Nxc7 Bc4 62. Ne6+ Kh6 63. Nxg5 Kxg5 64. Re7 1-0

[Event "Late-Titled-Tuesday-Blitz-January-16-2024"]
[Site "Chess.com"]
[Date "2024.01.16"]
[Round "2"]
[White "Petukhov_Dmitry"]
[Black "IraZyne"]
[Result "1-0"]
[WhiteElo "2518"]
[BlackElo "2252"]
[TimeControl "180+1"]
[EndTime "14:18:16 PST"]
[Termination "Petukhov_Dmitry won on time"]

1. e4 Nf6 2. e5 Nd5 3. d4 d6 4.
Nf3 Bg4 5. Be2 c6 6. O-O Bxf3 7. Bxf3 dxe5 8. dxe5 e6 9. c4 Ne7 10. Qxd8+ Kxd8 11. Nc3 Ng6 12. Bg5+ Be7 13. Rad1+ Nd7 14. Be3 Nxe5 15.
Be2 Ke8 16. f4 Ng6 17. f5 exf5 18. Rxf5 Rd8 19. Rdf1 f6 20. Bh5 b6 21. Ne4 Ne5 22. c5 b5 23. g4 Rd5 24. g5 fxg5 25.
Nxg5 Kd7 26. b4 Re8 27. Nf7 Bf6 28. Nd6 Re6 29. Bg5 Bxg5 30. Rxg5 Nf3+ 31. Bxf3 Rxg5+ 32. Kh1 Kc7 33. Bg2 Rge5 34. Bh3 Re1 35. Bxe6 Rxf1+ 36.
Kg2 Re1 37. Bf5 Re2+ 38. Kg3 Rxa2 39. Ne8+ Kd8 40. Nxg7 Ke7 41. Be4 Kf6 42. Ne8+ Ke5 43. Bxc6 a6 44. Bb7 Nf4 45. c6 Ne6 46. c7 Nxc7 47. Nxc7 1-0

[Event "Late-Titled-Tuesday-Blitz-January-16-2024"]
[Site "Chess.com"]
[Date "2024.01.16"]
[Round "2"]
[White "VladimirKramnik"]
[Black "HaryKane"]
[Result "1-0"]
[WhiteElo "2920"]
[BlackElo "2570"]
[TimeControl "180+1"]
[EndTime "14:18:17 PST"]
[Termination "VladimirKramnik won by checkmate"]

1. e4 e6 2. d4 d5 3. exd5 exd5 4. Nf3 Bd6 5. c4 dxc4 6. Bxc4 Ne7 7. O-O O-O 8. Nc3 Bg4 9. h3 Bh5 10. g4 Bg6 11. Ne5 Nbc6 12. f4 h6 13. Be3 a6 14.
a3 b5 15. Ba2 b4 16. axb4 Nxb4 17. Bb3 c6 18. f5 Bh7 19. Qf3 Ned5 20. Nxc6 Nxc6 21. Bxd5 Nb4 22. Bxa8 Qxa8 23. Qxa8 Rxa8 24. Bf4 Be7 25. Rad1 Rd8 26. d5 Bc5+ 27. Kh2 Kf8 28.
Ne4 Ba7 29. d6 f6 30. d7 Nc6 31. Bd6+ Kf7 32. Bc7 Bb8 33. Nd6+ Ke7 34. Nc8+ Kf8 35.
Bxb8 Nxb8 36. Nb6 Bg8 37. Rfe1 Nc6 38. Re8+ Rxe8 39.
dxe8=Q+ Kxe8 40. Rd6 Ne5 41. Nd5 a5 42. Nc7+ Ke7 43.
Ra6 Nc4 44. Ra7 Nxb2 45. Ne6+ Kd6 46. Nxg7 Bb3 47. Ne8+ Ke5 48. Rxa5+ Kf4 49. Nxf6 Nd1 50. Nh5+ Kg5 51. Kg3 Ne3 52. h4# 1-0

[Event "Late-Titled-Tuesday-Blitz-January-16-2024"]
[Site "Chess.com"]
[Date "2024.01.16"]
[Round "2"]
[White "infinitypoint"]
[Black "C_K_G"]
[Result "0-1"]
[WhiteElo "2586"]
[BlackElo "2082"]
[TimeControl "180+1"]
[EndTime "14:18:20 PST"]
[Termination "C_K_G won by checkmate"]

1. d4 d5 2. c4 e6 3. Nc3 Nf6 4. cxd5 exd5 5. Bf4 a6 6. e3 Bd6 7. Nge2 O-O 8. h3 Re8 9. Qc2 b5 10. Bxd6 Qxd6 11. Ng3 c5 12. dxc5 Qxc5 13. Nge2 Nc6 14. Rd1 b4 15. Qd3 bxc3 16. bxc3 Ne5 17. Qc2 Ne4 18.
Rd4 a5 19. Nf4 Qxc3+ 20. Qxc3 Nxc3 21. Nxd5 Nxd5 22. Rxd5 Bb7 23. Rd1 Rad8 24. Rxd8 Rxd8 25. f4 Nd3+ 26. Ke2 Nc1+ 27. Kf2 Rd2+ 28. Kg3 Nxa2 29. Bc4 Rxg2+ 30. Kh4 h6 31. Ra1 g5+ 32. Kh5 Kg7 33.
Be2 Rxe2 34. fxg5 hxg5 35. Kxg5 Bd5 36. Kf4 Be6 37. h4 Rh2 38. Kg5 f6+ 39. Kf4 Rxh4+ 40.
Kf3 Rh2 41. e4 Kg6 42. Rg1+ Kf7 43. Rb1 a4 44. Rb7+ Kg6 45. Ra7 Bb3 46. Ra6 Nb4 47. Rd6 Rh3+ 48. Kg4 Rh5 49. Rb6 Nd3 50. Ra6 Ne5+ 51.
Kf4 Rh4+ 52. Ke3 Rh3+ 53. Kd4 Rd3+ 54. Kc5 Kg5 55. Ra8 Kf4 56. Ra6 Ng4 57. e5 fxe5 58. Kb4 e4 59. Ra8 e3 60. Rf8+ Kg3 61. Re8 Kf3 62.
Rf8+ Kg2 63. Re8 Kf1 64. Rf8+ Nf2 65. Ka3 e2 66. Kb2 e1=Q 67. Rc8 Rd2+ 68. Ka3 Qe7+ 69.
Rc5 Qxc5# 0-1

[Event "Late-Titled-Tuesday-Blitz-January-16-2024"]
[Site "Chess.com"]
[Date "2024.01.16"]
[Round "2"]
[White "albi1999"]
[Black "Rud_Makarian"]
[Result "0-1"]
[WhiteElo "2619"]
[BlackElo "3047"]
[TimeControl "180+1"]
[EndTime "14:18:21 PST"]
[Termination "Rud_Makarian won on time"]

1. d4 Nf6 2. Nf3 c5 3. e3 d5 4.
Be2 Nc6 5. O-O cxd4 6. exd4 Qc7 7. h3 Bf5 8. c3 e6 9. a4 Bd6 10. Na3 a6 11. Nc2 h6 12. Ne3 Bh7 13. Bd3 Bxd3 14.
Qxd3 O-O 15. b4 Rac8 16. Bb2 Ne7 17. Nd2 Bf4 18. a5 Nf5 19. Nb3 Nxe3 20. fxe3 Bh2+ 21. Kh1 Ne4 22. Rf3 f5 23. Nc5 Rf6 24. c4 dxc4 25. Qc2 Rcf8 26. Rd1 Bd6 27. Qxc4 Kh7 28. Qb3 Rg6 29.
Nxe6 Rxe6 30. Qxe6 Qc2 31. Rdf1 Qxb2 32. Qd7 Ng3+ 33.
Rxg3 Bxg3 34. Qxb7 Qe2 35. Qf3 Qxf3 36. Rxf3 Bd6 37.
g4 fxg4 38. Rxf8 Bxf8 39. b5 Bd6 40. bxa6 Bb8 41. hxg4 Kg6 42. Kg2 Kg5 43. Kf3 Ba7 44. Kg3 g6 45. Kf3 Bb8 46. e4 Ba7 47. d5 Kf6 0-1

[Event "Late-Titled-Tuesday-Blitz-January-16-2024"]
[Site "Chess.com"]
[Date "2024.01.16"]
[Round "2"]
[White "Gyulamiryan-koryun"]
[Black "vladoboch"]
[Result "0-1"]
[WhiteElo "1662"]
[BlackElo "2425"]
[TimeControl "180+1"]
[EndTime "14:18:24 PST"]
[Termination "vladoboch won by resignation"]

1. e4 c5 2. Nf3 Nc6 3. d4 cxd4 4. Nxd4 e5 5. Nb5 d6 6. N1c3 Be7 7. Nd5 Kf8 8. Nxe7 Kxe7 9. Bc4 Nf6 10. Nc3 Be6 11.
Nd5+ Bxd5 12. Bxd5 Re8 13. O-O Kf8 14. f4 exf4 15.
Bxf4 Ne5 16. Kh1 Qb6 17. b3 Kg8 18. c4 Neg4 19. Bg3 Ne3 20. Bf2 Nxd1 21. Bxb6 axb6 22. Raxd1 Rxa2 23. Bxb7 Re6 24. Bd5 Re7 25. Kg1 h6 26. b4 Rb2 27. b5 Kf8 28. Ra1 Nxd5 29. exd5 g6 30. Ra8+ Kg7 31. Ra3 Ree2 32. Rg3 Rbc2 33. h4 Rxc4 34. Rgf3 f5 35. g4 Rxg4+ 36. Kh1 Rxh4+ 37.
Kg1 Rhh2 38. Rg3 Kf6 39. Rf4 g5 40. Rf1 f4 41. Rg4 Kf5 42. Rg3 Ke5 43. Rg4 Kf5 44. Rg3 h5 45. Rff3 Kg6 46. Rh3 Rhg2+ 47. Kf1 g4 48. Rxf4 Ref2+ 49. Rxf2 Rxf2+ 50. Kxf2 gxh3 51. Kg3 Kf5 52. Kxh3 Ke5 53. Kh4 Kxd5 54. Kxh5 Kc4 55.
Kg5 d5 56. Kf4 d4 57. Kf3 d3 58. Kf2 Kc3 59. Ke1 Kc2 60. Kf2 d2 61. Ke3 d1=Q 62.
Ke4 Qb1 63. Ke5 Qxb5+ 64. Kd6 Qc5+ 65. Kd7 b5 0-1

[Event "Late-Titled-Tuesday-Blitz-January-16-2024"]
[Site "Chess.com"]
[Date "2024.01.16"]
[Round "2"]
[White "MusicCityMaster"]
[Black "cassoulet"]
[Result "0-1"]
[WhiteElo "2408"]
[BlackElo "2767"]
[TimeControl "180+1"]
[EndTime "14:18:26 PST"]
[Termination "cassoulet won on time"]

1. d4 Nf6 2. c4 g6 3. Nc3 d5 4.
Bf4 Bg7 5. e3 O-O 6. Nf3 c6 7.
Rc1 Nbd7 8. cxd5 cxd5 9. Be2 Nb6 10. O-O Bf5 11. Nb5 Nc4 12. b3 Nd6 13. Nxd6 exd6 14.
h3 Ne4 15. Nd2 Qb6 16. f3 Nf6 17. Nb1 Rfe8 18. Nc3 h6 19. g4 Bd7 20. Qd2 g5 21.
Bg3 Rad8 22. Kg2 Bc6 23. h4 Qa5 24. hxg5 hxg5 25. Rh1 Re6 26. Bd3 Rde8 27. Bf2 a6 28.
Bb1 Kf8 29. Qd3 Qa3 30. Ne2 Bb5 31. Qd2 Bxe2 32. Qxe2 Qb4 33. Bf5 R6e7 34. Qc2 Qb6 35. Rh3 Qb5 36. Rch1 Rxe3 37. Bxe3 Rxe3 38. Kf2 Re8 39.
Bd3 Qb4 40. Kg2 Qxd4 41. Rd1 Qe3 42. Rhh1 d4 43. Rhe1 Nd5 44. Be4 Qc3 45. Qxc3 Nxc3 46. Rd3 d5 47. Rh1 dxe4 48. fxe4 Rxe4 49. Kg3 Rf4 50.
Re1 Ne4+ 51. Kg2 Rxg4+ 52. Kh3 Nf2+ 53. Kh2 Nxd3 0-1

[Event "Late-Titled-Tuesday-Blitz-January-16-2024"]
[Site "Chess.com"]
[Date "2024.01.16"]
[Round "2"]
[White "agvega14"]
[Black "SergioMoralesG"]
[Result "0-1"]
[WhiteElo "2132"]
[BlackElo "2471"]
[TimeControl "180+1"]
[EndTime "14:18:27 PST"]
[Termination "SergioMoralesG won by checkmate"]

1. e4 c5 2. Nf3 e6 3. c3 Nf6 4. Bd3 d5 5. e5 c4 6. Bc2 Nfd7 7. O-O Nc6 8. Re1 Qc7 9. Qe2 h6 10. d4 cxd3 11. Bxd3 g5 12. Na3 a6 13. c4 g4 14. Nd2 Ndxe5 15. cxd5 Nxd3 16. Qxd3 Nb4 17. Qb3 Be7 18. dxe6 Bxe6 19. Qe3 O-O-O 20. Ndc4 Kb8 21.
b3 Bf6 22. Bb2 Bxc4 23. Bxf6 Nd5 24. Be5 Nxe3 25. Bxc7+ Kxc7 26. Rxe3 Be6 27. Rc1+ Kb8 28. Rec3 Rd2 29. R3c2 Rhd8 30. Kf1 Bf5 31. Rxd2 Rxd2 32. Nc4 Bd3+ 33. Kg1 Bxc4 34. bxc4 Rxa2 35. h4 Kc7 36.
Re1 Kc6 37. Re7 a5 38. Rxf7 a4 39. Rf6+ Kc5 40. Rxh6 a3 41. Rh7 Ra1+ 42. Kh2 a2 43. Rxb7 Rh1+ 44. Kxh1 a1=Q+ 45. Kh2 Qe5+ 46. g3 Qf6 47.
Rb5+ Kxc4 48. Rg5 Qxf2+ 49. Kh1 Qxg3 50. h5 Qh3+ 51. Kg1 g3 52. h6 Qh2+ 53. Kf1 Qf2# 0-1

[Event "Late-Titled-Tuesday-Blitz-January-16-2024"]
[Site "Chess.com"]
[Date "2024.01.16"]
[Round "2"]
[White "ahkashefi2800"]
[Black "Kiborg95"]
[Result "0-1"]
[WhiteElo "2555"]
[BlackElo "2873"]
[TimeControl "180+1"]
[EndTime "14:18:28 PST"]
[Termination "Kiborg95 won by checkmate"]

1. d4 d6 2. e4 Nf6 3. Nc3 e5 4. dxe5 dxe5 5. Qxd8+ Kxd8 6. Bg5 c6 7. f3 Be6 8. O-O-O+ Nd7 9. h4 b5 10. Nh3 h6 11.
Be3 Kc7 12. Nf2 Bc5 13. Bxc5 Nxc5 14. g3 b4 15. Ne2 a5 16. Kb1 Rad8 17. Bh3 Bc4 18.
Nc1 Nh5 19. g4 Nf4 20. Bf1 Be6 21. Nfd3 Rd6 22. Rh2 Ncxd3 23. Nxd3 Nxd3 24. Rxd3 Rxd3 25. Bxd3 c5 26. b3 Rd8 27. Kc1 a4 28. Rd2 Ra8 29. Bc4 axb3 30. axb3 Bxc4 31. bxc4 Ra3 32. Rd5 Kc6 33.
Rxe5 Rxf3 34. Rf5 Rxf5 35. exf5 Kd6 36. Kd2 Ke5 37. Ke3 h5 38. gxh5 Kxf5 39. Kf3 f6 40. Kg3 Ke4 41. Kg4 f5+ 42. Kg5 f4 43. Kg6 f3 44. Kxg7 f2 45. h6 f1=Q 46. h7 Qg1+ 47. Kf7 Qf2+ 48. Kg7 Qg3+ 49. Kf7 Qxh4 50. Kg7 Qg5+ 51.
Kf7 Qh6 52. Kg8 Qg6+ 53. Kh8 Qf7 54. c3 Qf8# 0-1

[Event "Late-Titled-Tuesday-Blitz-January-16-2024"]
[Site "Chess.com"]
[Date "2024.01.16"]
[Round "2"]
[White "JSPrepz"]
[Black "ninguno46"]
[Result "1-0"]
[WhiteElo "2878"]
[BlackElo "2556"]
[TimeControl "180+1"]
[EndTime "14:18:30 PST"]
[Termination "JSPrepz won by checkmate"]

1. e4 c5 2. Nf3 e6 3. c3 Nf6 4. Bd3 d5 5. e5 Nfd7 6. Bc2 Nc6 7. d4 a5 8. O-O h6 9. Re1 Qb6 10. b3 cxd4 11. cxd4 Nb4 12. Be3 Nxc2 13. Qxc2 Qc6 14. Qd1 b6 15. Nbd2 Ba6 16. Nf1 Be7 17. Ng3 g6 18. h4 Kf8 19. h5 g5 20. Nh2 Rc8 21. Ng4 Qc2 22. Qf3 Kg7 23. Kh2 Rc3 24. Rec1 Qd3 25. Rxc3 Qxc3 26. Rc1 Qd3 27. Rc7 Bc8 28. Kh3 b5 29. Ra7 a4 30. bxa4 bxa4 31. Rxa4 Ba6 32. Kh2 Qb5 33. Qd1 Rc8 34. Qb3 Qxb3 35.
axb3 Rc6 36. f4 f5 37. exf6+ Nxf6 38. Ne5 Rb6 39. fxg5 hxg5 40. Bxg5 Bd6 41. h6+ Kh7 42. Bxf6 Kxh6 43. Kh3 Bb7 44. Nf7+ Kg6 45. Nxd6 Rxd6 46. Be5 Rb6 47. b4 Bc6 48. Ra7 Rxb4 49. Rg7+ Kh6 50. Re7 Ba4 51. Rxe6+ Kh7 52. Re7+ Kg6 53. Rg7+ Kh6 54. Nf5+ Kh5 55. g4# 1-0

[Event "Late-Titled-Tuesday-Blitz-January-16-2024"]
[Site "Chess.com"]
[Date "2024.01.16"]
[Round "2"]
[White "Nf3c5"]
[Black "platy3"]
[Result "0-1"]
[WhiteElo "2558"]
[BlackElo "2893"]
[TimeControl "180+1"]
[EndTime "14:18:33 PST"]
[Termination "platy3 won on time"]

1. e4 c5 2. Nf3 e6 3. d4 cxd4 4.
Nxd4 Nc6 5. Nc3 Qc7 6. Be3 a6 7. g4 h6 8. h4 Nf6 9. Rg1 Bb4 10. f3 Ne5 11. Qd2 d6 12. a3 Ba5 13. g5 hxg5 14.
hxg5 Nfd7 15. f4 Nc4 16. Bxc4 Qxc4 17. g6 Bxc3 18. gxf7+ Kxf7 19. bxc3 Nf6 20. O-O-O Bd7 21. Qg2 Rag8 22. f5 e5 23. Ne6 Bxe6 24. fxe6+ Kxe6 25. Rd3 Qxe4 26. Qd2 Qc6 27. Rd1 Rd8 28. Bg5 Rh1 29. Bxf6 gxf6 30. Qe2 Rxd1+ 31. Qxd1 Kd7 32. Qg4+ Kc7 33. Qe6 d5 34. Qe7+ Rd7 35. Qf8 Qd6 36.
Qg8 Qxa3+ 37. Kd2 Qc5 38. Rf3 d4 39. c4 Qc6 40. Qg4 Rh7 41. Rf2 Re7 42. Qf5 Re6 43. Qh7+ Kb6 44. Qd3 Ka7 45. Qb3 e4 46. Re2 e3+ 47.
Kc1 Qc5 48. Qd3 Rc6 49. Qb3 Qxc4 50. Kb2 Qxe2 0-1

[Event "Late-Titled-Tuesday-Blitz-January-16-2024"]
[Site "Chess.com"]
[Date "2024.01.16"]
[Round "2"]
[White "JM2005GM"]
[Black "MikaelyanArman"]
[Result "0-1"]
[WhiteElo "2553"]
[BlackElo "2859"]
[TimeControl "180+1"]
[EndTime "14:18:33 PST"]
[Termination "MikaelyanArman won by checkmate"]

1. e4 e5 2. Nf3 Nc6 3. Bc4 Bc5 4. c3 d6 5. d3 Nf6 6. a4 a6 7.
O-O Ba7 8. Re1 O-O 9. h3 Ne7 10. Nbd2 Ng6 11. Nf1 c6 12. b4 d5 13. Bb3 dxe4 14. dxe4 Qxd1 15. Bxd1 Be6 16. Bc2 Rad8 17.
Be3 Bxe3 18. Nxe3 h6 19. Rad1 Nd7 20. Rd6 Nb6 21. Red1 Rxd6 22. Rxd6 Re8 23. a5 Nc8 24. Rd1 Kf8 25. h4 f6 26. g3 h5 27. Ne1 Ke7 28. Nd3 Nd6 29. Nc5 Bc8 30. f3 Nf8 31. Bb3 Nd7 32. Rxd6 Kxd6 33. Nf5+ Kc7 34. Ne6+ Kb8 35.
Nexg7 Rh8 36. Bf7 c5 37. Nxh5 cxb4 38. cxb4 Kc7 39. g4 b6 40. Nhg7 bxa5 41. bxa5 Nc5 42. h5 Bd7 43. h6 Nd3 44. Bc4 Nf4 45. Bxa6 Ra8 46. Bc4 Rxa5 47. Ne7 Ra1+ 48. Kf2 Rh1 49. Ng8 Rh2+ 50. Ke1 Kd6 51. Bf7 Bb5 52. Bh5 Nd3+ 53. Kd1 Ba4# 0-1

[Event "Late-Titled-Tuesday-Blitz-January-16-2024"]
[Site "Chess.com"]
[Date "2024.01.16"]
[Round "2"]
[White "ccccvhhhj"]
[Black "Viktor_Poddubnyi"]
[Result "1-0"]
[WhiteElo "2521"]
[BlackElo "2260"]
[TimeControl "180+1"]
[EndTime "14:18:33 PST"]
[Termination "ccccvhhhj won on time"]

1. e4 g6 2. d4 Bg7 3. Nc3 d6 4. Be3 a6 5. Qd2 b5 6. f3 Bb7 7. O-O-O Nd7 8. g4 h5 9. gxh5 Rxh5 10. Nge2 Ngf6 11. Ng3 Rh7 12. Bg2 e6 13. f4 Nb6 14.
b3 Qe7 15. Kb1 O-O-O 16. h3 Kb8 17. Rhe1 Nh5 18. Nxh5 Rxh5 19. Ne2 Nd7 20. Ng3 Rhh8 21.
f5 gxf5 22. exf5 Bxg2 23. Qxg2 Nb6 24. fxe6 fxe6 25. Ne4 Bh6 26. Bg5 Bxg5 27. Nxg5 Rdg8 28. Rg1 Nd5 29. Rde1 Nf4 30. Qc6 Rxg5 31. Qxa6 Rhg8 32. Rgf1 Nd5 33. Qxb5+ Nb6 34. Qc6 Qe8 35. Qe4 R5g6 36. Kb2 Qd7 37. a4 Nd5 38. h4 Rg4 39. Qd3 Rxh4 40.
Rf3 Rhg4 41. Ref1 Kb7 42. Rf7 Qc6 43. R1f2 Rg3 44. R7f3 Rxf3 45. Rxf3 Rg7 46. Rf2 Nb4 47. Qd2 Nd5 48. a5 Rd7 49. c3 Qb5 50. b4 1-0